 Dungeon Crawl Stone Soup version 0.30-a0-6-g7c9e10e132 (webtiles) character file.

Game seed: 1567055452989095903

492 siradein the Trooper (level 6, -4/49 HPs)
             Began as a Demonspawn Fighter on Aug 22, 2022.
             Slain by a hornet (11 damage)
             ... on level 4 of the Dungeon.
             The game lasted 00:04:36 (3403 turns).

siradein the Trooper (Demonspawn Fighter)           Turns: 3403, Time: 00:04:36

Health: -4/49      AC: 18    Str: 15 (18) XL:     6   Next: 91%
Magic:  6/6        EV:  8    Int:  9 (10) God:
Gold:   171        SH:  8    Dex: 11 (12) Spells: 3/5 levels left

rFire   + . .      SeeInvis .    a - +0 flail
rCold   + . .      Faith    .    c - +0 buckler
rNeg    . . .      Spirit   .    p - +0 plate armour
rPois   +          Reflect  .    (no helmet)
rElec   +          Harm     .    (no cloak)
rCorr   +          Rampage  .    b - +1 pair of gloves
Will    .....                    (no boots)
Stlth   ..........               e - amulet of the acrobat
HPRegen 0.16/turn                g - +4 ring of evasion
MPRegen 0.10/turn                y - ring of flight

@: lethally poisoned (-4 -> -8), resistant, flying, hasted, very quick
A: icemail 1, condensation shield, demonic magic 2
a: no special abilities


You were on level 4 of the Dungeon.
You visited 1 branch of the dungeon, and saw 4 of its levels.

You collected 171 gold pieces.

Inventory:

Hand Weapons
 a - a +0 flail (weapon)
Missiles
 s - 2 javelins (quivered)
Armour
 b - a +1 pair of gloves (worn)
 c - a +0 buckler (worn)
 p - a +0 plate armour (worn)
Jewellery
 e - an amulet of the acrobat (around neck)
 g - a +4 ring of evasion (left hand)
 y - a ring of flight (right hand)
Scrolls
 j - a scroll of vulnerability {unknown}
 l - a scroll of amnesia {unknown}
 m - a scroll of brand weapon {unknown}
 n - 2 scrolls of identify {unknown}
 o - 2 scrolls of silence {unknown}
 q - a scroll of enchant armour {unknown}
 r - a scroll of noise {unknown}
 t - 3 scrolls of blinking
 v - a scroll of torment {unknown}
 x - a scroll of poison {unknown}
 z - a scroll of immolation {unknown}
Potions
 d - 2 potions of might
 f - a potion of degeneration
 h - 2 potions of heal wounds
 k - a potion of flight
 w - a potion of haste


   Skills:
 + Level 4.7 Fighting
 + Level 3.8 Maces & Flails
 + Level 4.3 Armour
 - Level 4.0 Shields


You had 3 spell levels left.
You knew the following spells:

 Your Spells              Type           Power      Damage    Failure   Level
a - Wereblood             Tmut           0%         N/A       100%        2

Your spell library contained the following spells:

 Spells                   Type           Power      Damage    Failure   Level
 Beastly Appendage        Tmut           0%         N/A       100%        1
 Freeze                   Ice            0%         1d3       100%        1
 Sting                    Tmut/Pois      0%         1d3       100%        1
 Poisonous Vapours        Pois/Air       0%         N/A       100%        2
 Dazzling Flash           Conj/Hex       0%         N/A       100%        3
 Frozen Ramparts          Ice            0%         1d1       100%        3
 Spider Form              Tmut/Pois      0%         N/A       100%        3
 Hailstorm                Conj/Ice       0%         3d3       100%        4
 Olgreb's Toxic Radiance  Pois           0%         N/A       100%        4
 Agony                    Necr           0%         N/A       100%        5
 Silence                  Hex/Air        0%         N/A       100%        5


Dungeon Overview and Level Annotations

Branches:
Dungeon (4/15)
 Temple: D:4-7

Altars:
Cheibriados
Trog

Shops:
D:3 (


Innate Abilities, Weirdness & Mutations

A meltable icy envelope protects you from harm. (AC +4)
A meltable shield of frost defends you. (SH +4)
Spells you cast may paralyse nearby enemies.


Message History

You feel very sick. You block the hornet's attack.
The hornet barely misses you. You block the hornet's attack.
It was a potion of degeneration.
There was something very wrong with that liquid.
You feel weakened.
You feel dopey.
You feel clumsy.
You feel yourself speed up.
You feel very sick. The hornet stings you!
* * * LOW HITPOINT WARNING * * *
You are lethally poisoned!
You feel yourself slow down.
The hornet stings you but does no damage.
It was a potion of haste.
You feel yourself speed up.
You feel yourself speed up.
* * * LOW HITPOINT WARNING * * *
You feel very sick. You block the hornet's attack. x2
It was a potion of resistance.
You feel protected.
* * * LOW HITPOINT WARNING * * *
You feel sick.
The hornet stings you but does no damage.
You feel much better.
You feel sick. The hornet stings you.
It was a potion of magic.
Magic courses through your body.
You feel sick. The hornet stings you!
* * * LOW HITPOINT WARNING * * *
You hit the hornet.
The hornet is lightly wounded.
You feel sick.
The hornet stings you but does no damage.
You barely miss the hornet.
The hornet is lightly wounded.
You feel sick. The hornet stings you.
* * * LOW HITPOINT WARNING * * *
The hornet stings you but does no damage.
You barely miss the hornet.
The hornet is lightly wounded.
You feel sick. The hornet stings you!
You die...

######.##.#.....##......
.......#................
................###.....
..####.....####.# #.....
#(.##...##..#.# #.....
#...##.##...#.####+##.
#..g#.#...##.......#.
#Jy#.#).##........#.
..###@..###.........#.
........8.............#.
#...###...###.........'.
#. +#)#†.##........#.
#.#...##.......#.
##.##...#.......##
##...##..#.#######
#.####.....####.#
#...............#


You could see a hornet, an endoplasm and a hobgoblin.

Vanquished Creatures
  A water moccasin (D:4)
  A black bear (D:4)
  A scorpion (D:4)
  3 hounds (D:4)
  An orc priest (D:3)
  4 adders
  An ufetubus (D:4)
  A worm (D:2)
  A dart slug (D:4)
  2 orcs (D:3)
  6 ball pythons
  4 endoplasms
  A giant cockroach (D:1)
  8 goblins
  10 hobgoblins
  3 quokkas
  4 bats
  3 frilled lizards
  9 kobolds
  3 rats
67 creatures vanquished.

Notes
Turn   | Place    | Note
-------+----------+-------------------------------------------
     0 | D:1      | siradein the Demonspawn Fighter began the quest for the
                  | Orb.
     0 | D:1      | Reached XP level 1. HP: 18/18 MP: 1/1
   310 | D:1      | Gained mutation: Spells you cast may paralyse adjacent
                  | enemies. [demonic ancestry]
   310 | D:1      | Reached XP level 2. HP: 22/24 MP: 2/2
   628 | D:1      | Found a faded altar of an unknown god.
   793 | D:2      | Gained mutation: A meltable shield of frost defends you.
                  | (SH +4) [demonic ancestry]
   793 | D:2      | Reached XP level 3. HP: 17/29 MP: 3/3
  1650 | D:3      | Gained mutation: Spells you cast may paralyse nearby
                  | enemies. [demonic ancestry]
  1650 | D:3      | Reached XP level 4. HP: 26/35 MP: 4/4
  1826 | D:3      | Found Ranosh's Weapon Shop.
  1863 | D:3      | Learned a level 2 spell: Wereblood
  2857 | D:4      | Noticed a black bear
  2870 | D:4      | Killed a black bear
  2871 | D:4      | Reached XP level 5. HP: 40/42 MP: 5/5
  2979 | D:4      | Noticed a water moccasin
  3006 | D:4      | Found a snail-covered altar of Cheibriados.
  3043 | D:4      | Killed a water moccasin
  3044 | D:4      | Gained mutation: A meltable icy envelope protects you from
                  | harm. (AC +4) [demonic ancestry]
  3044 | D:4      | Reached XP level 6. HP: 31/49 MP: 6/6
  3213 | D:4      | Found a bloodstained altar of Trog.
  3389 | D:4      | Noticed a hornet
  3398 | D:4      | HP: 1/49 [poisoned by a hornet]
  3403 | D:4      | Slain by a hornet

Illustrated notes

Levels and vault maps discovered:
D:1:      lemuel_arrival_cross, layout_rooms, shapermc_ecumenical_altar_ellora,
          minmay_misc_feat_chi
D:2:      layout_loops_cross, minivault_11, minivault_24
D:3:      layout_basic, serial_shops, shop
D:4:      cheibrodos_barr_body, layout_basic,
          mainiacjoe_overflow_large_starburst, st_stairs_9,
          dreamdust_mushroom_princess, minmay_pentangle

Skill      XL: |  1  2  3  4  5  6 |
---------------+-------------------+-----
Maces & Flails | 2 3 |  3.8
Armour         | 3 4 |  4.3
Shields        | 3 4 |  4.0
Fighting       | 4 |  4.7

Action                   |  1- 3 |  4- 6 || total
-------------------------+-------+-------++-------
Melee: Flail             |   123 |   132 ||   255
Throw: Javelin           |       |     1 ||     1
  Use: Scroll            |       |     1 ||     1
       Potion            |       |     7 ||     7
Armor: Scale mail        |    30 |       ||    30
       Plate armour      |    12 |    75 ||    87
Dodge: Dodged            |    68 |    85 ||   153
Block: Buckler           |    30 |    86 ||   116

Table legend: (Time is in decaauts)
 A = Elapsed time spent in this place.
 B = Non-inter-level travel time spent in this place.
 C = Inter-level travel time spent in this place.
 D = Time resting spent in this place.
 E = Time spent auto-exploring this place.
 F = Levels seen in this place.
 G = Mean time per level.
                   A        B        C        D        E       F      G
               +--------+--------+--------+--------+--------+-----+--------+
         Total |   3481 |   3343 |    138 |      0 |   2729 |   4 |  870.2 |
       Dungeon |   3481 |   3343 |    138 |      0 |   2729 |   4 |  870.2 |
               +--------+--------+--------+--------+--------+-----+--------+

Top non-repeatable levels by time:
     D:3: 1227 daAuts
     D:2: 878 daAuts
     D:1: 782 daAuts
     D:4: 592 daAuts
